 Dungeon Crawl Stone Soup version 0.29.1-4-g47bece8355 (webtiles) character file.

Game seed: 3377378226272554875

6018 GigaChad the Cleaver (level 10, -2/81 HPs)
             Began as a Minotaur Fighter on Dec 5, 2022.
             Was a Follower of Hepliaklqana.
             Slain by a nine-headed hydra (6 damage)
             ... on level 9 of the Dungeon.
             The game lasted 00:15:40 (12074 turns).

GigaChad the Cleaver (Minotaur Fighter)            Turns: 12074, Time: 00:15:42

Health: -2/81      AC: 13    Str: 28    XL:     10   Next: 56%
Magic:  9/9        EV: 10    Int: 10    God:    Hepliaklqana [*.....]
Gold:   176        SH: 12    Dex: 13    Spells: 9/9 levels left

rFire   . . .      SeeInvis .   C - +7 broad axe of the Wolf {pain, Drain rElec Str+3 Int+5}
rCold   x . .      Faith    .   c - +1 buckler
rNeg    . . .      Spirit   .   J - +5 scale mail of the Eight Stars {rElec rC- Dex+3}
rPois   .          Reflect  +   (helmet restricted)
rElec   +          Harm     .   (no cloak)
rCorr   .          Rampage  .   (no gloves)
Will    .....                   (no boots)
Stlth   ..........              n - amulet of reflection
HPRegen 0.23/turn               (no ring)
MPRegen 0.11/turn               (no ring)

@: no status effects
A: reduced essence, horns 2, retaliatory headbutt
a: Renounce Religion, Recall Ancestor, Ancestor Identity


You were on level 9 of the Dungeon.
You worshipped Hepliaklqana.
Hepliaklqana was aware of your devotion.
You visited 2 branches of the dungeon, and saw 10 of its levels.

You collected 437 gold pieces.
You spent 261 gold pieces at shops.

Inventory:

Hand Weapons
 a - a +2 war axe
 y - a +2 scimitar of draining
 B - a +1 flail of protection
 C - the +7 broad axe of the Wolf (weapon) {pain, Drain rElec Str+3 Int+5}
   (You bought it in a shop on level 7 of the Dungeon)

   In the hands of one skilled in necromantic magic, it inflicts extra damage on
   living creatures.
   Str:       It affects your strength (+3).
   Int:       It affects your intelligence (+5).
   rElec:     It insulates you from electricity.
   Drain:     It drains your maximum health when unequipped.
Armour
 b - a +0 scale mail
 c - a +1 buckler (worn)
 E - a +0 plate armour
 G - +0 steam dragon scales
 I - a +1 scale mail of fire resistance
 J - the +5 scale mail of the Eight Stars (worn) {rElec rC- Dex+3}
   (You found it on level 8 of the Dungeon)

   Dex:       It affects your dexterity (+3).
   rC:        It makes you vulnerable to cold.
   rElec:     It insulates you from electricity.
Jewellery
 i - a ring of positive energy
 l - an amulet of faith
 n - an amulet of reflection (around neck)
 q - a ring of magical power
Wands
 m - a wand of digging (6)
 o - a wand of quicksilver (12)
 u - a wand of mindburst (29)
 v - a wand of charming (14)
Scrolls
 e - 3 scrolls of teleportation
 f - a scroll of immolation
 h - 4 scrolls of vulnerability
 p - 3 scrolls of enchant armour
 r - 6 scrolls of identify
 s - a scroll of silence
 A - a scroll of fog
 F - a scroll of brand weapon {unknown}
Potions
 d - 3 potions of might
 g - a potion of flight {unknown}
 j - 2 potions of haste {unknown}
 k - 2 potions of degeneration {unknown}
 t - 2 potions of heal wounds {unknown}
 w - a potion of attraction {unknown}
 x - 2 potions of brilliance {unknown}
 z - a potion of lignification {unknown}
 D - 5 potions of curing
 H - a potion of invisibility


   Skills:
 + Level 8.4 Fighting
 + Level 11.7 Axes
 + Level 9.5 Armour
 + Level 2.1 Dodging
 * Level 10.4 Shields


You had 9 spell levels left.
You didn't know any spells.
Your spell library contained the following spells:

 Spells                   Type           Power      Damage    Failure   Level
 Shock                    Conj/Air       0%         1d3       65%         1
 Static Discharge         Conj/Air       0%         3-3/arc   78%         2
 Ignite Poison            Fire/Tmut/Pois 0%         N/A       95%         3
 Inner Flame              Hex/Fire       0%         N/A       95%         3
 Mephitic Cloud           Conj/Pois/Air  0%         N/A       95%         3
 Swiftness                Air            0%         N/A       95%         3
 Airstrike                Air            0%         2d(0-16)  100%        4
 Cause Fear               Hex            0%         N/A       100%        4
 Dispel Undead            Necr           0%         3d6       100%        4
 Olgreb's Toxic Radiance  Pois           0%         N/A       100%        4
 Sticky Flame             Conj/Fire      0%         2d3       100%        4
 Freezing Cloud           Conj/Ice/Air   0%         6-21      100%        5
 Ozocubu's Refrigeration  Ice            0%         4d7       100%        7
 Discord                  Hex            0%         N/A       100%        8
 Ignition                 Fire           0%         3d3       100%        8


Dungeon Overview and Level Annotations

Branches:
Dungeon (9/15)             Temple (1/1) D:7            Lair (0/5) D:9
    Orc: D:9-12

Altars:
Ashenzari
Dithmenos
Elyvilon
Fedhas
Gozag
Hepliaklqana
Kikubaaqudgha
Makhleb
Nemelex Xobeh
Okawaru
Qazlal
Ru
Sif Muna
Trog
Uskayaw
Vehumet
Wu Jian
Xom
Yredelemnul
Zin
The Shining One

Shops:
D:6 *   D:7 (

Annotations:
D:7 2 transporters


Innate Abilities, Weirdness & Mutations

Your life essence is reduced to manifest your ancestor. (-10% HP)
You have a pair of horns on your head.
You reflexively headbutt those who attack you in melee.


Message History

The eight-headed hydra bites you.
The eight-headed hydra bites you but does no damage. x2
You hack one of the eight-headed hydra's heads off!
The seven-headed hydra grows two more!
You slice the nine-headed hydra!!
The nine-headed hydra is moderately wounded.
You hit the fungus.
Rtas 'Vadum hits the fungus.
The nine-headed hydra bites you.
The nine-headed hydra bites you but does no damage. x2
You block the nine-headed hydra's attack.
The nine-headed hydra bites you!
You block the nine-headed hydra's attack.
The nine-headed hydra bites you. The nine-headed hydra bites you!
The nine-headed hydra bites you.
You hit the nine-headed hydra.
Your headbutt misses the nine-headed hydra.
The nine-headed hydra is moderately wounded.
You slash the fungus!
A nearby fungus withers and dies.
You block the nine-headed hydra's attack.
The nine-headed hydra bites you.
The nine-headed hydra completely misses you.
The nine-headed hydra closely misses you.
The nine-headed hydra bites you.
You block the nine-headed hydra's attack.
The nine-headed hydra bites you! x2
* * * LOW HITPOINT WARNING * * *
The nine-headed hydra closely misses you.
The nine-headed hydra attacks as you move away!
You block the nine-headed hydra's attack.
The nine-headed hydra misses you.
The nine-headed hydra barely misses you.
The nine-headed hydra bites you!
* * * LOW HITPOINT WARNING * * *
The nine-headed hydra bites you!
* * * LOW HITPOINT WARNING * * *
You block the nine-headed hydra's attack.
The nine-headed hydra bites you but does no damage.
The nine-headed hydra bites you.
* * * LOW HITPOINT WARNING * * *
The nine-headed hydra bites you.
You die...

P..P......P).....# ##..
P>P....P........####.+.<
.......P.P......##...#..
..P.P......<....##.# #..
P..P..P.....))).##)# #..
......P......)..)).# #..
..PP.P.P.....)..#### #..
..PP...R........# #..
...P..D@.####.### #..
.......#.# #.## ###
P.P....#.# #..# ...P.###.#
##.# ##### ##.#####'## ##
##### #P.P#.....# #>
#....####≈.≈##....### #.
#.♣.♣.##≈≈.≈≈###..'.#####.
#.....P≈≈≈.≈≈≈P#..#.....#.


You could see the friendly Rtas 'Vadum the ancestor and a nine-headed hydra
(ally target).

Vanquished Creatures
  A two-headed ogre (D:9)
  A cyclops (D:8)
  4 yaks
  3 steam dragons
  Edmund (D:6)
  6 water moccasins
  2 orc warriors
  4 black bears
  2 sky beasts
  4 ice beasts
  An ogre (D:4)
  3 centaurs
  A kobold brigand (D:8)
  3 necrophages
  5 bullfrogs
  4 scorpions
  4 howler monkeys (D:9)
  2 jellies (D:7)
  A gnoll bouda (D:5)
  3 orc priests
  3 hounds
  3 iguanas
  Natasha (thrice) (D:3)
  3 orc wizards
  8 gnolls
  3 adders
  A shadow imp (D:8)
  3 white imps
  An ufetubus (D:4)
  2 worms (D:2)
  2 dart slugs
  15 orcs
  3 bats
  3 endoplasms
  3 giant cockroaches
  4 goblins
  A hobgoblin (D:3)
  4 jackals (D:1)
  5 ball pythons
  2 frilled lizards (D:2)
  6 kobolds
  4 rats
137 creatures vanquished.

Vanquished Creatures (collateral kills)
  A steam dragon (D:9)
  A bullfrog (D:9)
  An orc wizard (D:9)
  An orc (D:9)
4 creatures vanquished.

Vanquished Creatures (others)
  3 ancestors (D:9)
  24 fungi (D:9)
  32 plants
59 creatures vanquished.

Grand Total: 200 creatures vanquished

Notes
Turn   | Place    | Note
-------+----------+-------------------------------------------
     0 | D:1      | GigaChad the Minotaur Fighter began the quest for the Orb.
     0 | D:1      | Reached XP level 1. HP: 19/19 MP: 0/0
   516 | D:1      | Found a faded altar of an unknown god.
   519 | D:1      | Reached XP level 2. HP: 27/27 MP: 1/1
  1308 | D:2      | Reached skill level 3 in Axes
  1743 | D:2      | Reached XP level 3. HP: 30/33 MP: 2/2
  2046 | D:3      | Found a blossoming altar of Fedhas.
  2191 | D:3      | Noticed Natasha
  2198 | D:3      | Killed Natasha
  2215 | D:3      | Noticed Natasha
  2218 | D:3      | Killed Natasha
  2219 | D:3      | Reached XP level 4. HP: 30/41 MP: 3/3
  2326 | D:3      | Noticed Natasha
  2332 | D:3      | Killed Natasha
  2857 | D:4      | Noticed an ogre
  2866 | D:4      | Killed an ogre
  2867 | D:4      | Reached skill level 4 in Axes
  2867 | D:4      | Reached skill level 5 in Armour
  2867 | D:4      | Reached XP level 5. HP: 21/47 MP: 4/4
  3094 | D:4      | Reached skill level 5 in Shields
  3094 | D:4      | Reached XP level 6. HP: 50/53 MP: 5/5
  3128 | D:4      | Reached skill level 5 in Axes
  3738 | D:4      | Reached skill level 5 in Fighting
  3742 | D:4      | Reached XP level 7. HP: 58/61 MP: 6/6
  3919 | D:5      | Entered Level 5 of the Dungeon
  3955 | D:5      | Reached skill level 6 in Axes
  4460 | D:5      | Found a glowing drain.
  6354 | D:6      | Found a hazy altar of Hepliaklqana.
  6369 | D:6      | Noticed a steam dragon
  6374 | D:6      | Reached skill level 7 in Axes
  6374 | D:6      | Reached XP level 8. HP: 62/69 MP: 7/7
  6390 | D:6      | Noticed Edmund
  7181 | D:6      | Found Woorun's Assorted Antiques.
  7456 | D:6      | Reached skill level 8 in Axes
  7938 | D:6      | Killed Edmund
  8287 | D:6      | Became a worshipper of Hepliaklqana the Forgotten
  8307 | D:7      | Found a staircase to the Ecumenical Temple.
  8330 | Temple   | Entered the Ecumenical Temple
  8813 | D:7      | Reached XP level 9. HP: 75/78 MP: 8/8
  8961 | D:7      | Reached skill level 9 in Axes
  9515 | D:7      | Found a transporter.
  9762 | D:7      | Found Iweuq's Antique Weapon Boutique.
  9778 | D:7      | Bought an ichor-stained broad axe for 261 gold pieces
  9778 | D:7      | Identified the +7 broad axe of the Wolf {pain, Drain rElec
                  | Str+3 Int+5} (You bought it in a shop on level 7 of the
                  | Dungeon)
  9987 | D:7      | Found a transporter.
 10057 | D:8      | Noticed Maggie
 10059 | D:8      | Noticed Maggie
 10059 | D:8      | Maggie changed into Maggie the steam dragon
 10065 | D:8      | Killed Maggie the steam dragon
 10276 | D:8      | Noticed a cyclops
 10289 | D:8      | Killed a cyclops
 10290 | D:8      | Reached skill level 10 in Axes
 10654 | D:8      | Found a broken altar of Ashenzari.
 10655 | D:8      | Found a shadowy altar of Dithmenos.
 10656 | D:8      | Found a white marble altar of Elyvilon.
 10658 | D:8      | Found an ornate altar of the Wu Jian Council.
 10669 | D:8      | Reached skill level 1 in Dodging
 10669 | D:8      | Reached XP level 10. HP: 59/88 MP: 9/9
 10670 | D:8      | Found a basalt altar of Yredelemnul.
 10963 | D:8      | Identified the +5 scale mail of the Eight Stars {rElec rC-
                  | Dex+3}
 10995 | D:8      | Reached * piety under Hepliaklqana
 11075 | D:8      | Found a glowing golden altar of the Shining One.
 11212 | D:9      | Reached skill level 11 in Axes
 11223 | D:9      | Reached skill level 10 in Shields
 11374 | D:9      | Noticed a two-headed ogre
 11384 | D:9      | Killed a two-headed ogre
 11533 | D:9      | Found a staircase to the Lair.
 11564 | D:9      | Found an ancient bone altar of Kikubaaqudgha.
 11579 | D:9      | Found a burning altar of Makhleb.
 11580 | D:9      | Found an iron altar of Okawaru.
 11599 | D:9      | Noticed a six-headed hydra
 12074 | D:9      | HP: 4/81 [nine-headed hydra (3)]
 12074 | D:9      | Slain by a nine-headed hydra

Illustrated notes

Levels and vault maps discovered:
D:1:      dpeg_arrival_rooms_a, layout_basic, shapermc_ecumenical_altar_ellora
D:2:      layout_basic
D:3:      layout_basic, fedhas_altar_2, grunt_decor_cap, uniq_natasha
D:4:      cheibrodos_pilgrimage, layout_layer_cave
D:5:      layout_layer_cave, portal_sewer_entry_d
D:6:      layout_cave_pods, nicolae_hepliaklqana_hazy_memory,
          serial_column_ruins, column_ruins_corridor_corner,
          column_ruins_corridor_T, column_ruins_open_small, kennysheep_diamond,
          uniq_edmund
D:7:      gammafunk_cloud_chamber, layout_basic, minmay_temple_entry_tees,
          serial_shops, nicolae_shop_temple_entry_statues_fountains,
          chequers_serial_rivers_small_b
D:8:      layout_rooms, grunt_temple_overflow_open,
          mainiacjoe_overflow_surrounded_room, minmay_sticks_and_stones,
          uniq_maggie
D:9:      layout_roguey, minitemple, slow_altar_2, due_lair_maze_entry_diamond,
          dreamdust_princess_bridge, kennysheep_generic_room_12
Temple:   jpeg_temple_alley_garden

Skill      XL: |  1  2  3  4  5  6  7  8  9 10 |
---------------+-------------------------------+-----
Fighting       | 4 5 6 7 8 |  8.4
Axes           | 3 4 5 7 8 10 11 | 11.7
Armour         | 4 5 6 8 9 |  9.5
Shields        | 4 5 6 8 9 10 | 10.4
Dodging        | 1 2 |  2.1

Action                   |  1- 3 |  4- 6 |  7- 9 | 10-12 || total
-------------------------+-------+-------+-------+-------++-------
Melee: War axe           |    54 |    60 |   180 |       ||   294
       Headbutt          |    12 |    10 |    38 |     9 ||    69
       Unarmed           |       |       |    17 |       ||    17
       Broad axe         |       |       |    29 |    59 ||    88
Invok: Ancestor Identity |       |       |       |     1 ||     1
Evoke: Wand              |       |       |    30 |     1 ||    31
  Use: Scroll            |     3 |       |    10 |     3 ||    16
Armor: Scale mail        |    21 |    28 |    64 |    38 ||   151
       Skin              |       |       |     6 |       ||     6
Dodge: Dodged            |    31 |    24 |   118 |    29 ||   202
Block: Buckler           |    16 |    43 |   151 |    61 ||   271
       Reflection        |       |     2 |     5 |     4 ||    11
       Other             |       |       |     1 |       ||     1
